 Dungeon Crawl Stone Soup version 0.22.1-6-g1668fe2 (webtiles) character file.

677298 lorenzova the Impregnable (level 27, -1/352 (363) HPs)
             Began as a Minotaur Fighter on Jan 25, 2019.
             Was a High Priest of Qazlal.
             Slain by a greater mummy (7 damage)
             ... on level 2 of the Tomb of the Ancients on Feb 3, 2019.
             The game lasted 06:43:29 (80036 turns).

lorenzova the Impregnable (Minotaur Fighter)       Turns: 80036, Time: 06:43:30

HP:   -1/352 (363)  AC: 36    Str: 45 (46) XL:     27
MP:   0/34          EV:  2    Int: 10 (11) God:    Qazlal [*****.]
Gold: 5720          SH:  0    Dex: 15      Spells: 26/26 levels left

rFire    + + .     SeeInvis .   p - +9 war axe of Past Mistakes {chop, rElec rN+}
rCold    x . .     Gourm    .   R - +5 shield of Gallantry {Str+5}
rNeg     + + +     Faith    .   (armour currently unavailable)
rPois    +         Spirit   +   (helmet currently unavailable)
rElec    +         Reflect  .   (cloak currently unavailable)
rCorr    .         Harm     .   (gloves currently unavailable)
MR       +++..     Rnd*Rage +   (boots currently unavailable) Stlth +.........NoTele +
                                V - amulet of Ucan Sow {Spirit Int+2}
HPRegen  0.68/turn              X - ring "Qiahiota" {rPois rF+ MR+ Str+5 Int+4}
MPRegen  0.24/turn              l - ring of Daulog {Fire -Tele Str+7 Int+2}

@: confused, tree-form, protected from physical damage, drained, repel missiles
A: (retaliatory headbutt), berserk 2, deterioration 2, dopey 1, frail 1, no
potion heal 2, subdued magic 1
}: 4/15 runes: decaying, slimy, silver, gossamer
a: Upheaval, Elemental Force, Disaster Area, Renounce Religion


You were on level 2 of the Tomb of the Ancients.
You worshipped Qazlal.
Qazlal was extremely pleased with you.
You were not hungry.
You were a tree.
You visited 13 branches of the dungeon, and saw 56 of its levels.
You also visited: Ice Cave and Volcano.

You collected 8404 gold pieces.
You spent 2684 gold pieces at shops.

Inventory:

Hand Weapons
 p - the +9 war axe of Past Mistakes (weapon) {chop, rElec rN+}
   (You found it on level 5 of the Pits of Slime)

   It inflicts extra damage upon your enemies.
   It insulates you from electricity.
   It protects you from negative energy.
 q - the +7 great mace "Undeadhunter" {disrupt, rN+}
   (You took it off a frost giant in an ice cave)

   It protects you from negative energy.
 S - the +12 flail "Usucze" {elec, +Inv Int+4 SInv}
   (You found it on level 6 of the Lair of Beasts)

   Occasionally, upon striking a foe, it will discharge some electrical energy
   and cause terrible harm.
   It affects your intelligence (+4).
   It lets you see invisible.
   It lets you turn invisible.
Missiles
 o - 3 throwing nets (quivered)
Armour
 c - a +2 hat of magic resistance (melded)
 r - quicksilver dragon scales (melded)
 s - the +2 cloak "Nuas" (melded) {*Slow rCorr Str+6}
   (You found it on level 1 of the Depths)

   It affects your strength (+6).
   It provides partial protection from all sources of acid and corrosion.
   It may slow you when you take damage.
 N - a +2 pair of gloves of dexterity (melded)
 R - the +5 shield of Gallantry (worn) {Str+5}
   (You found it on level 2 of the Depths)

   It affects your strength (+5).
 Z - a +1 pair of boots (melded)
Jewellery
 j - the ring of Moral Flaws {+Inv rC+}
   (You found it on level 5 of the Pits of Slime)

   [ring of protection from cold]

   It protects you from cold.
   It lets you turn invisible.
 l - the ring of Daulog (right branch) {Fire -Tele Str+7 Int+2}
   (You found it on level 1 of the Vaults)

   [ring of fire]

   It enhances your fire magic.
   It affects your strength (+7).
   It affects your intelligence (+2).
   It protects you from fire.
   It makes you vulnerable to cold.
   It prevents most forms of teleportation.
 y - the amulet "Cewad" {RegenMP rElec rF- Str+3 SInv}
   (You found it on level 1 of the Crypt)

   [amulet of magic regeneration]

   It increases your magic regeneration.
   It affects your strength (+3).
   It makes you vulnerable to fire.
   It insulates you from electricity.
   It lets you see invisible.
 A - an uncursed ring of positive energy
 M - the ring of Midsummer {MP+9 Dex+6}
   (You took it off a deep elf sorcerer on level 3 of the Elven Halls)

   [ring of magical power]

   It affects your dexterity (+6).
   It affects your magic capacity (+9).
 V - the amulet of Ucan Sow (around neck) {Spirit Int+2}
   (You took it off a deep elf elementalist on level 3 of the Elven Halls)

   [amulet of guardian spirit]

   It causes incoming damage to be split between your health and magic.
   It affects your intelligence (+2).
 X - the ring "Qiahiota" (left branch) {rPois rF+ MR+ Str+5 Int+4}
   (You found it on level 4 of the Spider Nest)

   [ring of strength]

   It affects your strength (+5).
   It affects your intelligence (+4).
   It protects you from fire.
   It protects you from poison.
   It affects your resistance to hostile enchantments.
Wands
 a - a wand of digging (67)
 x - a wand of clouds (5)
 H - a wand of paralysis (32)
 P - a wand of polymorph (51)
 Q - a wand of disintegration (22)
Scrolls
 b - 17 scrolls of enchant weapon
 g - 23 scrolls of remove curse
 i - 2 scrolls of holy word
 k - 9 scrolls of fear
 m - 19 scrolls of teleportation
 E - 22 scrolls of identify
 F - 5 scrolls of magic mapping
 G - 5 scrolls of fog
 J - 2 scrolls of blinking
 O - 4 scrolls of silence
Potions
 d - 9 potions of might
 e - 20 potions of curing
 n - 12 potions of agility
 t - 4 potions of invisibility
 u - 3 potions of lignification
 v - 4 potions of magic
 z - 8 potions of resistance
 B - 4 potions of ambrosia
 D - 7 potions of cancellation
 I - 15 potions of flight
 T - 3 potions of berserk rage
 U - 4 potions of haste
Miscellaneous
 C - a fan of gales
 K - a lamp of fire
 Y - a phial of floods
Comestibles
 f - 74 rations


   Skills:
 + Level 26.2 Fighting
 - Level 2.4(13.0) Axes
 - Level 18.6 Maces & Flails
   Level 4.3(4.6) Polearms
 + Level 26.3(26.2) Armour
 + Level 22.5(22.4) Dodging
 - Level 18.0(17.9) Shields
 - Level 10.0 Invocations
 + Level 17.6 Evocations


You had 26 spell levels left.
You didn't know any spells.
Your spell library contained the following spells:

 Spells                   Type           Power        Failure   Level  Hunger
 Beastly Appendage        Tmut           #.....       32%         1    ##.....
 Confusing Touch          Hex            #.....       32%         1    ##.....
 Corona                   Hex            #......      32%         1    ##.....
 Flame Tongue             Conj/Fire      #....        32%         1    ##.....
 Infusion                 Chrm           #...         32%         1    ##.....
 Magic Dart               Conj           #...         32%         1    ##.....
 Sandblast                Erth           #.....       32%         1    ##.....
 Shock                    Conj/Air       #...         32%         1    ##.....
 Sting                    Conj/Pois      #...         32%         1    ##.....
 Ensorcelled Hibernation  Hex/Ice        #.....       45%         2    ###....
 Passwall                 Tmut/Erth      #.......     45%         2    ###....
 Poisonous Vapours        Pois/Air       #.....       45%         2    ###....
 Searing Ray              Conj           #.....       45%         2    ###....
 Shroud of Golubria       Chrm/Tloc      #.........   45%         2    ###....
 Song of Slaying          Chrm           #.......     45%         2    ###....
 Sticks to Snakes         Tmut           #.......     45%         2    ###....
 Swiftness                Chrm/Air       #.......     45%         2    ###....
 Confuse                  Hex            #.......     71%         3    ####...
 Dazzling Spray           Conj/Hex       #.....       71%         3    ####...
 Gell's Gravitas          Tloc           #.........   71%         3    ####...
 Mephitic Cloud           Conj/Pois/Air  #.......     71%         3    ####...
 Regeneration             Chrm/Necr      #.........   71%         3    ####...
 Spectral Weapon          Hex/Chrm       #.......     71%         3    ####...
 Spider Form              Tmut/Pois      #.........   71%         3    ####...
 Static Discharge         Conj/Air       #.......     71%         3    ####...
 Stone Arrow              Conj/Erth      #.....       71%         3    ####...
 Tukima's Dance           Hex            #.......     71%         3    ####...
 Airstrike                Air            #.........   98%         4    #####..
 Cause Fear               Hex            #.........   98%         4    #####..
 Force Lance              Conj/Tloc      #.......     98%         4    #####..
 Fulminant Prism          Conj/Hex       #.........   98%         4    #####..
 Ice Form                 Ice/Tmut       #.......     98%         4    #####..
 Iskenderun's Mystic Bla  Conj           #.......     98%         4    #####..
 Olgreb's Toxic Radiance  Pois           #.......     98%         4    #####..
 Passage of Golubria      Tloc           N/A          98%         4    #####..
 Petrify                  Tmut/Erth      #.......     98%         4    #####..
 Blade Hands              Tmut           #.........   100%        5    ######.
 Borgnjor's Vile Clutch   Necr/Erth      #.........   100%        5    ######.
 Irradiate                Conj/Tmut      #.........   100%        5    ######.
 Lee's Rapid Deconstruct  Erth           #.........   100%        5    ######.
 Lightning Bolt           Conj/Air       #.........   100%        5    ######.
 Metabolic Englaciation   Hex/Ice        #.........   100%        5    ######.
 Venom Bolt               Conj/Pois      #.........   100%        5    ######.
 Yara's Violent Unravell  Hex/Tmut       #.........   100%        5    ######.
 Bolt of Fire             Conj/Fire      #.........   100%        6    #######
 Darkness                 Hex            #.........   100%        6    #######
 Hydra Form               Tmut           #.........   100%        6    #######
 Invisibility             Hex            #.......     100%        6    #######
 Statue Form              Tmut/Erth      #........    100%        6    #######
 Dragon Form              Tmut           #.........   100%        7    #######
 Dragon's Call            Summ           #.........   100%        9    #######


Dungeon Overview and Level Annotations

Branches:
Dungeon (15/15)            Temple (1/1) D:5            Lair (6/6) D:11
  Swamp (4/4) Lair:2       Spider (4/4) Lair:2        Slime (5/5) Lair:5
    Orc (2/2) D:9             Elf (3/3) Orc:2        Vaults (5/5) D:13
  Crypt (3/3) Vaults:2       Tomb (2/3) Crypt:3      Depths (5/5) D:15
   Hell (1/1)                 Zot (0/5) Depths:5
    Dis: Hell:1         Geh: Hell:1         Coc: Hell:1         Tar: Hell:1

Altars:
Ashenzari
Cheibriados
Dithmenos
Elyvilon
Fedhas
Gozag
Hepliaklqana
Kikubaaqudgha
Makhleb
Nemelex Xobeh
Okawaru
Qazlal
Ru
Sif Muna
Trog
Uskayaw
Vehumet
Wu Jian
Xom
Yredelemnul
Zin
The Shining One
Jiyva
Lugonu

Shops:
D:8 (   D:10 ?   Orc:2 }%}%   Elf:2 *   Elf:3 [   Vaults:1 !   Vaults:2 (
Vaults:4 %   Depths:2 %:!

Portals:
Hell: Depths:1 Depths:2 Depths:3 Depths:4 Depths:5
Abyss: Depths:1 Depths:4 Depths:5
Pandemonium: Depths:2 Depths:3
Ziggurat: Depths:3
Trove: Depths:5 (give +6 demon blade)

Annotations:
Depths:4 exclusion: obsidian statue
Hell Geryon


Innate Abilities, Weirdness & Mutations

((You reflexively headbutt those who attack you in melee.))
((You have a pair of horns on your head.))
You often lose your temper in combat.
((Armour fits poorly on your strangely shaped body.))
Your body often deteriorates upon taking damage.
You are dopey. (Int -2)
You are frail. (-10% HP)
((You are occasionally teleported next to monsters.))
Potions are poor at restoring your health.
Your spells are a little easier to cast, but a little less powerful.


Message History

You hit the greater mummy but do no damage.
You slash the spectral storm dragon! You completely miss the greater mummy.
You closely miss the flying skull. You barely miss the greater mummy.
You hit the hellwing but do no damage. You slash the wraith!
The jiangshi is engulfed in blazing flames.
The flying skull hits you but does no damage.
The death scarab waves its antennae.
The spectral storm dragon is engulfed in freezing vapours.
The spectral storm dragon bites you but does no damage.
The spectral storm dragon claws you but does no damage.
The spectral storm dragon tramples you but does no damage.
The ushabti shakes and rattles.
The vile air hits the greater mummy.
The vile air hits you!
The vile air hits the greater mummy.
The vile air hits the mana viper.
The mana viper dies!
The jiangshi is engulfed in blazing flames.
The greater mummy hits you but does no damage.
The mummy priest mumbles some strange prayers to its god.
The greater mummy hits you!
You die...

,,,,,*,,,,,,,,,,,,,**,,,,,,,*,,,,
,,,,,*,,,,,,...........,,,,,*,,,,
,,,,,*,,,.,,,...%.....,,,,,,+,,,,
,,,,,*,,,..,*#.......#*.....#**+*
,,,,,*,,,...##$......##.....#,,,,
**+***,,*......4..sW.Z......#,,,,
,,,,,*,**.?...§Z8Ms...$.....#,,,,
,,,,,*,*,......§MZ§zM.......#,,,,
,,,,,*,,,.....MW♣MMMMV.....$#,,,,
,,,,,*,,,.)..W§4Mzzsz.....#.#,,,,
,,,,<*,,,.....W§WWVZWZV).##.#,,,,
,,,,,*,,,......MsMzzs....#..#,,,,
,,,,,*,,,...##..§..MZ##....[#,,,,
,,,,,*,,,..,*#..§LM..##≈....#,,,,
,,,,,*,,,.,,....8.....≈.z...#,,,,
,,,,,*,,,,,!...........s...b#,,,,
**+***,,,,,...##.........≈<.#****


You could see 5 greater mummies, 3 emperor scorpions, a revenant, 2 mummy
priests, a skeletal warrior, 2 jiangshi, a phantasmal warrior, a hellwing, 3
guardian mummies, 2 ushabtiu, an ice devil, a freezing wraith, a spectral storm
dragon, a vampire, 3 wraiths, 2 death scarabs, 2 shadows, 4 flying skulls, 3
mummies, a wight, a frost giant simulacrum, a spiny frog zombie, an elf zombie,
a storm dragon skeleton and an iron dragon skeleton.

Vanquished Creatures
  the Royal Jelly (Slime:5)
  2 ancient liches
  Mara (Vaults:5)
  A juggernaut (Depths:4)
  Sojobo (Depths:5)
  3 greater mummies (Tomb:1)
  Frederick (Tomb:1)
  Margery (Vaults:5)
  A bone dragon (Depths:5)
  A golden dragon (Depths:5)
  the Enchantress (Depths:1)
  Arachne (Spider:1)
  6 tentacled monstrosities
  3 liches
  Rupert (Lair:3)
  Asterion (Elf:3)
  6 titans
  28 acid blobs
  2 deep elf master archers (Elf:3)
  3 deep elf blademasters
  Gastronok (Lair:3)
  2 quicksilver dragons (Vaults:5)
  7 sphinxes
  3 ancient champions
  The ghost of Qewynweh the Bewitcher, an adept SpEn (Depths:1)
  4 shadow dragons (Vaults:5)
  A storm dragon (shapeshifter) (Depths:4)
  Frances (D:14)
  Kirke (D:12)
  Agnes (Spider:1)
  2 storm dragons
  Roxanne (Spider:1)
  13 tengu reavers
  6 revenants
  13 azure jellies
  2 draconian knights (Depths:5)
  7 fire giants
  8 frost giants
  2 iron dragons
  9 deep elf sorcerers
  3 ghost moths
  14 vault wardens
  3 cacodemons (Depths:1)
  A frost giant (shapeshifter) (Depths:4)
  3 ghouls (Crypt:1)
  16 ironheart preservers
  3 orc warlords
  The ghost of coffee the Unseen, an adept SpWr of Gozag (Spider:4)
  4 deep elf elementalists (Elf:3)
  2 curse skulls (Crypt:3)
  8 emperor scorpions
  The ghost of kalagan the Geomancer, a journeyman DEEE of Sif Muna (Lair:6)
  4 spriggan defenders
  4 reapers (Crypt:3)
  A juggernaut skeleton (Crypt:2)
  7 war gargoyles
  23 stone giants
  4 entropy weavers
  29 very ugly things
  7 deep elf demonologists
  A black draconian (Depths:5)
  6 vampire knights
  4 bennus
  11 deep elf annihilators
  4 spark wasps
  Nessos (D:12)
  3 purple draconians (Depths:5)
  6 dire elephants (Lair:6)
  Azrael (D:13)
  2 white draconians (Depths:5)
  2 red draconians (Depths:5)
  A spark wasp (shapeshifter) (Vaults:1)
  8 crystal guardians
  9 eidola
  A blizzard demon (Depths:4)
  6 deep elf death magi
  20 yaktaur captains
  12 ettins
  11 death oozes (Slime:5)
  9 mummy priests
  2 quicksilver dragon zombies (Crypt:3)
  9 fire dragons
  Snorg (D:12)
  16 great orbs of eyes
  6 jiangshi
  12 ice dragons
  2 rakshasas
  Harold (Lair:1)
  29 vault guards
  6 spriggan air magi
  6 deep elf high priests
  Fannar (Lair:3)
  An anaconda (Lair:6)
  A satyr (shapeshifter) (Depths:4)
  An alligator snapping turtle (shapeshifter) (Depths:4)
  A catoblepas (D:13)
  A ghost crab (Swamp:4)
  26 hydras
  38 two-headed ogres
  4 death yaks (Lair:6)
  13 ogre magi
  7 deep troll shamans
  41 dancing weapons
  The ghost of Jagriat the Basher, a novice MiMo of Yredelemnul (Lair:2)
  7 death knights
  10 death scarabs (Tomb:1)
  9 vampire magi
  13 centaur warriors
  7 deep troll earth magi
  9 tengu warriors
  15 alligators
  2 orc high priests (Elf:2)
  3 spriggan berserkers
  A titan zombie (Crypt:3)
  A shock serpent (shapeshifter) (Depths:1)
  11 hell knights
  A storm dragon zombie (Crypt:3)
  23 deep elf knights
  8 soul eaters
  13 spriggans
  A glowing orange brain (shapeshifter) (Depths:4)
  2 titan skeletons (Crypt:3)
  2 spriggan druids
  4 shadow wraiths
  A sea snake (shapeshifter) (Depths:4)
  8 skeletal warriors
  7 swamp dragons
  The ghost of Kairos the Blocker, a novice VSFi of Okawaru (D:10)
  A golden dragon zombie (Crypt:3)
  A quicksilver dragon simulacrum (Depths:1)
  A storm dragon skeleton (Crypt:3)
  11 glowing orange brains
  5 unseen horrors
  3 shambling mangroves
  An infernal demonspawn (Depths:2)
  9 wizards
  15 deep trolls
  2 obsidian statues (Depths:4)
  2 ghost moth zombies (Crypt:3)
  4 spectral hydras
  15 deep elf archers
  23 phantasmal warriors
  8 ironbrand convokers
  6 harpies
  2 golden dragon skeletons (Crypt:3)
  19 orc knights
  15 necromancers
  8 orc sorcerers
  2 anaconda skeletons
  A wolf spider zombie (Crypt:3)
  4 oklob plants (Lair:4)
  17 orb spiders
  60 deep elf magi
  A shadow dragon skeleton (Tomb:1)
  9 shining eyes
  A manticore (D:7)
  27 wolf spiders
  A wolf spider (shapeshifter) (Depths:4)
  6 cyclopes
  A moth of wrath (Spider:1)
  46 ugly things
  An iron dragon zombie (Crypt:3)
  A moth of wrath (shapeshifter) (Depths:1)
  2 frost giant zombies (Crypt:3)
  A salamander (shapeshifter) (D:13)
  6 black mambas
  A dire elephant zombie (Crypt:3)
  2 iron dragon skeletons (Crypt:3)
  A shock serpent zombie (Crypt:2)
  17 elephants (Lair:6)
  12 vault sentinels
  A titan simulacrum (Crypt:2)
  A water nymph (shapeshifter) (D:9)
  5 molten gargoyles
  5 spectral swamp worms (Depths:3)
  A shock serpent skeleton (Crypt:1)
  An ice statue (IceCv)
  4 eyes of devastation
  17 spiny frogs
  A dire elephant skeleton (Crypt:3)
  2 gargoyles
  A redback zombie (Crypt:1)
  A spiny frog (shapeshifter) (Depths:4)
  An efreet (Volcano)
  A white draconian zombie (Crypt:3)
  A komodo dragon (shapeshifter) (Elf:1)
  10 demonic crawlers
  A rime drake (shapeshifter) (Vaults:3)
  An emperor scorpion zombie (Crypt:3)
  14 komodo dragons
  61 yaktaurs
  16 guardian mummies
  An anaconda simulacrum (Crypt:1)
  3 rime drakes
  A tormentor (Depths:2)
  14 hellwings
  A troll (shapeshifter) (Vaults:5)
  12 freezing wraiths
  A queen bee (shapeshifter) (Depths:4)
  A wind drake (shapeshifter) (Vaults:4)
  A queen bee (Spider:1)
  6 trolls
  3 jumping spiders (shapeshifter)
  A meliai (shapeshifter) (Depths:4)
  2 wind drakes (Depths:4)
  17 polar bears
  27 jumping spiders
  Grinder (D:5)
  7 tyrant leeches
  A harpy zombie (Crypt:2)
  3 meliai (Spider:1)
  6 tengu conjurers
  A spectral dream sheep (Lair:6)
  A tengu simulacrum (Depths:1)
  27 hornets
  11 blink frogs
  12 dream sheep
  136 slime creatures
  14 hippogriffs
  A harpy skeleton (Crypt:3)
  6 bog bodies
  2 ice dragon zombies (Crypt:3)
  2 blink frogs (shapeshifter)
  Sigmund (D:3)
  A fire dragon zombie (Crypt:1)
  65 redbacks
  10 wraiths
  3 shadows
  7 air elementals
  A spriggan (shapeshifter) (Vaults:5)
  9 water elementals
  2 fire dragon skeletons
  A centaur simulacrum (D:14)
  A vampire (D:14)
  A black mamba zombie (Crypt:3)
  24 flying skulls
  15 fire elementals
  33 tarantellas
  50 yaks
  A dire elephant simulacrum (Tomb:1)
  5 fire bats
  6 wyverns
  A black mamba skeleton (Crypt:3)
  3 ushabtiu (Tomb:1)
  20 golden eyes
  A steam dragon (shapeshifter) (Depths:4)
  7 basilisks
  2 human simulacra (Vaults:2)
  A spriggan simulacrum (Depths:1)
  A hog (shapeshifter) (Vaults:4)
  A chaos spawn (Depths:2)
  2 hungry ghosts
  A spectral komodo dragon (Lair:6)
  A hog (D:12)
  2 steam dragons
  A monstrous demonspawn zombie (Crypt:2)
  5 swamp worm simulacra (Swamp:4)
  A catoblepas simulacrum (Lair:2)
  Menkaure (D:6)
  20 vampire mosquitoes
  A glowing shapeshifter zombie (Crypt:1)
  A naga (shapeshifter) (Depths:4)
  14 swamp worms
  22 insubstantial wisps
  13 wargs
  An acid dragon (shapeshifter) (Depths:1)
  4 acid dragons
  19 hydra simulacra
  4 hell hounds (D:13)
  A porcupine (shapeshifter) (Depths:1)
  2 floating eyes (Slime:2)
  A water moccasin (shapeshifter) (Depths:4)
  Duvessa (D:6)
  45 orc warriors
  8 porcupines
  2 spiny frog skeletons
  15 water moccasins
  3 phantoms
  5 sky beasts
  4 swamp drakes
  A swamp drake (shapeshifter) (Vaults:5)
  A sky beast (shapeshifter) (Depths:1)
  10 ice beasts
  A black bear (D:10)
  13 eyes of draining
  2 ogres (shapeshifter) (Depths:4)
  4 necrophages
  A centaur (shapeshifter) (Depths:1)
  A boggart (Elf:1)
  46 ogres
  A wolf (shapeshifter) (Depths:1)
  14 wolves
  19 centaurs
  2 big kobolds
  10 crocodiles
  29 bullfrogs
  Blork the orc (D:6)
  A merfolk simulacrum (Crypt:1)
  16 earth elementals
  Dowan (D:6)
  A wyvern zombie (Crypt:1)
  6 wyvern skeletons
  18 wights
  23 killer bees
  3 scorpions
  2 vampire bats (Orc:1)
  5 howler monkeys
  5 electric eels
  6 lava snakes (Volcano)
  12 crimson imps
  A fire crab simulacrum (Lair:6)
  4 centaur zombies
  3 quasits (Depths:2)
  A bullfrog skeleton (D:6)
  11 jellies
  6 centaur skeletons
  6 hounds
  16 orc priests
  5 iguanas
  13 worker ants
  23 orc wizards
  A statue (D:6)
  A naga zombie (Crypt:1)
  A crocodile skeleton (Crypt:2)
  A hound zombie (D:8)
  19 mummies
  A hound skeleton (D:4)
  4 gnolls (D:5)
  15 adders
  A gnoll (shapeshifter) (Depths:1)
  A river rat (shapeshifter) (Depths:1)
  A steam dragon skeleton (Crypt:2)
  6 shadow imps
  A white imp (Depths:2)
  3 swamp drake simulacra (Swamp:4)
  An ufetubus (Depths:2)
  7 oozes
  An adder zombie (Crypt:2)
  An iguana zombie (Crypt:2)
  3 adder skeletons (D:4)
  A worm (D:4)
  3 dart slugs (D:1)
  8 leopard geckos
  79 orcs
  2 ball pythons (D:1)
  13 bats
  A bat zombie (Crypt:1)
  11 giant cockroaches
  5 goblins
  7 hobgoblins
  16 jackals
  4 quokkas
  2 frilled lizards
  A frilled lizard skeleton (Crypt:1)
  A gnoll zombie (Crypt:1)
  3 jackal skeletons
  17 kobolds
  A leopard gecko skeleton (Crypt:1)
  9 rats
  A river rat zombie (Crypt:2)
  A bush (Lair:3)
  A butterfly (Lair:4)
  7 plants
  12 withered plants (Crypt:3)
2722 creatures vanquished.

Vanquished Creatures (others)
  A lich (Depths:5)
  A war gargoyle (Depths:4)
  A centaur warrior (Vaults:4)
  A death knight (Crypt:1)
  11 death scarabs (Tomb:1)
  A dancing weapon (Depths:4)
  A glowing orange brain (Depths:4)
  An ugly thing (D:15)
  A deep elf mage (D:12)
  A centaur skeleton (D:13)
  4 flying skulls (Tomb:2)
  2 spriggans (Swamp:4)
  2 water elementals (Depths:4)
  A yak (D:12)
  3 humans (D:12)
  An ice beast (D:13)
  An eye of draining (D:13)
  3 orc priests
  3 mummies (Tomb:1)
  An adder (D:12)
  13 ball lightnings (Depths:4)
  3 orcs
  8 bushes (Lair:3)
  16 fungi
  15 plants
  5 withered plants (Crypt:3)
101 creatures vanquished.

Grand Total: 2823 creatures vanquished

Notes
Turn   | Place    | Note
-------+----------+-------------------------------------------
     0 | D:1      | lorenzova the Minotaur Fighter began the quest for the Orb.
     0 | D:1      | Reached XP level 1. HP: 19/19 MP: 0/0
    94 | D:1      | Reached XP level 2. HP: 26/27 MP: 1/1
   274 | D:1      | Reached XP level 3. HP: 32/34 MP: 2/2
   663 | D:2      | Found an ancient bone altar of Kikubaaqudgha.
   664 | D:2      | Found an iron altar of Okawaru.
   669 | D:2      | Found a basalt altar of Yredelemnul.
   943 | D:2      | Reached XP level 4. HP: 40/41 MP: 3/3
   945 | D:2      | Reached skill level 5 in Armour
   946 | D:2      | Reached skill level 5 in Fighting
  1182 | D:2      | Found an opulent altar of Gozag.
  1477 | D:3      | Found a transporter.
  1495 | D:3      | Found a transporter.
  1558 | D:3      | Noticed Sigmund
  1592 | D:3      | Killed Sigmund
  1592 | D:3      | Reached XP level 5. HP: 20/50 MP: 4/4
  1935 | D:3      | Found a faded altar of an unknown god.
  2083 | D:3      | Reached XP level 6. HP: 57/57 MP: 5/5
  2450 | D:4      | Noticed a sky beast
  2479 | D:4      | Killed a sky beast
  3017 | D:5      | Entered Level 5 of the Dungeon
  3024 | D:5      | Reached XP level 7. HP: 58/66 MP: 4/6
  3380 | D:5      | Found a staircase to the Ecumenical Temple.
  3404 | Temple   | Entered the Ecumenical Temple
  3590 | Temple   | Became a worshipper of Qazlal Stormbringer
  3732 | D:5      | Noticed Grinder
  3905 | D:5      | Paralysed by Grinder for 5 turns
  3910 | D:5      | Killed Grinder
  3910 | D:5      | Reached XP level 8. HP: 47/78 MP: 4/7
  4286 | D:6      | Found a burning altar of Makhleb.
  4407 | D:6      | Noticed Menkaure
  4417 | D:6      | Killed Menkaure
  4430 | D:6      | Noticed Duvessa
  4430 | D:6      | Noticed Dowan
  4731 | D:6      | Noticed Blork the orc
  4739 | D:6      | Killed Blork the orc
  4796 | D:6      | Found a radiant altar of Vehumet.
  4832 | D:6      | Reached skill level 10 in Armour
  4836 | D:6      | Reached skill level 10 in Fighting
  5036 | D:6      | Killed Duvessa
  5052 | D:6      | Killed Dowan
  5052 | D:6      | Reached * piety under Qazlal
  5093 | D:6      | Found a shattered altar of Ashenzari.
  5096 | D:6      | Found a snail-covered altar of Cheibriados.
  5098 | D:6      | Found a blossoming altar of Fedhas.
  5530 | D:7      | Reached XP level 9. HP: 86/86 MP: 8/8
  6051 | D:7      | Found an ornate altar of the Wu Jian Council.
  6395 | D:7      | Noticed a manticore
  6414 | D:7      | Killed a manticore
  6584 | D:7      | Got a faintly humming scale mail
  6757 | D:7      | Identified the cursed +1 scale mail "Xoseob" {rElec rC+
                  | Str-3 Dex+5} (You found it on level 7 of the Dungeon)
  6830 | D:7      | Found a blossoming altar of Fedhas.
  6881 | D:7      | Reached XP level 10. HP: 99/99 MP: 9/9
  7138 | D:8      | Reached ** piety under Qazlal
  7457 | D:8      | Found Doih's Antique Weapon Shop.
  7474 | D:8      | Bought a bone broad axe for 243 gold pieces
  7475 | D:8      | Identified the +5 broad axe "Qoyhybb" {pain, rF++} (You
                  | bought it in a shop on level 8 of the Dungeon)
  7695 | D:8      | You fall through a shaft for 2 floors!
  7695 | D:10     | Entered Level 10 of the Dungeon
  7902 | D:9      | Noticed a two-headed ogre
  7932 | D:9      | Killed a two-headed ogre
  8044 | D:9      | Noticed a faun
  8112 | D:9      | Noticed a water nymph
  8121 | D:9      | Killed a water nymph
  9289 | D:9      | Found a staircase to the Orcish Mines.
  9511 | D:10     | Found a runed gate.
  9511 | D:10     | Found a runed gate.
  9515 | D:10     | Found a runed gate.
  9517 | D:10     | Noticed Kairos's ghost (novice VSFi)
  9620 | D:10     | Noticed a green ugly thing
  9804 | D:10     | Killed a green ugly thing
  9995 | D:10     | Reached *** piety under Qazlal
 10174 | D:10     | Found Muqenaf's Magic Scroll Boutique.
 10177 | D:10     | Bought a scroll of identify for 28 gold pieces
 10177 | D:10     | Bought a scroll of blinking for 105 gold pieces
 10177 | D:10     | Bought a scroll of identify for 28 gold pieces
 10430 | D:11     | Killed an unseen horror
 10430 | D:11     | Reached XP level 11. HP: 55/110 MP: 5/10
 10660 | D:11     | Found a staircase to the Lair.
 10660 | D:11     | Noticed a seven-headed hydra
 10666 | D:11     | HP: 3/111 [orc priest/divine providence (13)]
 11082 | D:11     | Killed a seven-headed hydra
 11098 | D:11     | Noticed a five-headed hydra
 11502 | D:11     | Reached skill level 15 in Armour
 11502 | D:11     | Reached skill level 15 in Fighting
 11528 | D:11     | Killed a five-headed hydra
 12328 | D:12     | Noticed Snorg
 12338 | D:12     | Killed Snorg
 12598 | D:12     | Noticed a two-headed ogre
 12613 | D:11     | Killed a two-headed ogre
 12959 | D:12     | Reached **** piety under Qazlal
 13042 | D:12     | Noticed Kirke
 13070 | D:12     | Killed Kirke
 13070 | D:12     | Reached XP level 12. HP: 98/122 MP: 6/11
 13401 | D:12     | Noticed Nessos
 13407 | D:12     | Killed Nessos
 14356 | D:10     | Killed Kairos's ghost
 14404 | Lair:1   | Entered Level 1 of the Lair of Beasts
 14443 | Lair:1   | Reached skill level 1 in Dodging
 14685 | Lair:1   | Reached ***** piety under Qazlal
 14707 | Lair:1   | Noticed Harold
 14839 | Lair:1   | Killed Harold
 14839 | Lair:1   | Reached skill level 5 in Shields
 15853 | Lair:2   | Reached XP level 13. HP: 85/132 MP: 12/12
 15871 | Lair:2   | Reached skill level 5 in Dodging
 16102 | Lair:2   | Found a staircase to the Swamp.
 16379 | Lair:2   | Found a runed gate.
 16380 | Lair:2   | Found a runed gate.
 16381 | Lair:2   | Found a runed gate.
 16381 | Lair:2   | Noticed Jagriat's ghost (novice MiMo)
 16700 | Lair:2   | Found a hole to the Spider Nest.
 17335 | Lair:2   | Killed Jagriat's ghost
 17599 | Lair:3   | Noticed Rupert
 17778 | Lair:3   | Noticed Gastronok
 17802 | Lair:3   | Paralysed by Rupert for 7 turns
 17811 | Lair:3   | Killed Rupert
 17821 | Lair:3   | Noticed Fannar
 17923 | Lair:3   | Killed Gastronok
 17979 | Lair:3   | Killed Fannar
 18181 | Lair:3   | Got an ancient spear
 18520 | Lair:3   | Identified the +2 spear "Pirghed" {flame, rElec MR+ Str+2
                  | Int+3} (You found it on level 3 of the Lair of Beasts)
 19199 | Lair:4   | Got a bone rapier
 19317 | Lair:4   | Found a dark tunnel.
 19339 | Lair:4   | Reached skill level 10 in Shields
 19385 | Volcano  | Entered a volcano
 19561 | Volcano  | Noticed a stone giant
 19617 | Volcano  | Killed a stone giant
 19706 | Volcano  | Found a burning altar of Makhleb.
 19785 | Volcano  | Reached XP level 14. HP: 93/140 MP: 9/13
 19786 | Volcano  | Reached ****** piety under Qazlal
 19834 | Volcano  | Identified the +2 rapier "Puesept" {pierce, +Blink rF+}
                  | (You found it on level 4 of the Lair of Beasts)
 21781 | Lair:5   | Reached skill level 1 in Evocations
 21908 | Lair:5   | Found a frozen archway.
 21949 | IceCv    | Entered an ice cave
 22047 | IceCv    | Reached skill level 10 in Dodging
 22106 | IceCv    | Noticed a frost giant
 22577 | IceCv    | Killed a frost giant
 22883 | Lair:5   | Found a viscous altar of Jiyva.
 22883 | Lair:5   | Found a staircase to the Slime Pits.
 23023 | Lair:5   | Found the +8 whip "Snakebite" {curare, rPois}
 23438 | Lair:5   | Identified a scroll of acquirement
 23466 | Lair:6   | Entered Level 6 of the Lair of Beasts
 23800 | Lair:6   | Found a runed gate.
 23800 | Lair:6   | Found a runed gate.
 23800 | Lair:6   | Found a runed gate.
 23800 | Lair:6   | Noticed kalagan's ghost (journeyman DEEE)
 23815 | Lair:6   | Reached XP level 15. HP: 132/149 MP: 16/16
 24526 | Lair:6   | Killed kalagan's ghost
 24578 | Lair:6   | Got a dazzling flail
 24579 | Lair:6   | Identified the +12 flail "Usucze" {elec, +Inv Int+4 SInv}
                  | (You found it on level 6 of the Lair of Beasts)
 26480 | D:13     | Reached skill level 5 in Evocations
 26568 | D:13     | Noticed Azrael
 26596 | D:13     | Killed Azrael
 26806 | D:13     | Found a gate to the Vaults.
 27554 | D:14     | Noticed Frances
 27572 | D:14     | Killed Frances
 27600 | D:14     | Reached XP level 16. HP: 138/159 MP: 19/19
 28254 | D:15     | Entered Level 15 of the Dungeon
 28708 | D:15     | Reached skill level 15 in Dodging
 29150 | D:15     | Got a brightly glowing great mace
 29157 | D:15     | Identified the +7 great mace "Mucsegag" {crush, rF+ Int+2}
                  | (You found it on level 15 of the Dungeon)
 29232 | D:15     | Found a staircase to the Depths.
 29823 | Orc:1    | Entered Level 1 of the Orcish Mines
 29983 | Orc:1    | Paralysed by an orc sorcerer for 4 turns
 29989 | Orc:1    | Paralysed by an orc sorcerer for 6 turns
 30301 | Orc:1    | Reached skill level 1 in Maces & Flails
 30413 | Orc:2    | Entered Level 2 of the Orcish Mines
 30426 | Orc:2    | Reached skill level 1 in Invocations
 30483 | Orc:2    | Paralysed by an orc sorcerer for 2 turns
 30662 | Orc:2    | Reached skill level 5 in Maces & Flails
 30881 | Orc:2    | Found Seipec's Food Shoppe.
 30881 | Orc:2    | Found Tanueb's Food Shop.
 30881 | Orc:2    | Found Wecorelu's Gadget Shop.
 30881 | Orc:2    | Found Loack's Gadget Emporium.
 31066 | Orc:2    | Found a staircase to the Elven Halls.
 31376 | Spider:1 | Entered Level 1 of the Spider Nest
 31757 | Spider:1 | Noticed Agnes
 31766 | Spider:1 | Killed Agnes
 31766 | Spider:1 | Reached XP level 17. HP: 168/168 MP: 21/21
 31775 | Spider:1 | Noticed Roxanne
 33087 | Spider:1 | Killed Roxanne
 33088 | Spider:1 | Identified Roxanne's Compendium of Clay (You took it off
                  | Roxanne on level 1 of the Spider Nest)
 33260 | Spider:2 | Noticed Arachne
 33294 | Spider:1 | Killed Arachne
 35059 | Spider:3 | Reached skill level 5 in Invocations
 35955 | Spider:4 | Entered Level 4 of the Spider Nest
 36488 | Spider:4 | Reached skill level 10 in Maces & Flails
 36923 | Spider:4 | Found a runed door.
 36924 | Spider:4 | Found a shimmering altar of Xom.
 36925 | Spider:4 | Noticed coffee's ghost (adept SpWr)
 37031 | Spider:4 | Reached XP level 18. HP: 41/178 MP: 21/23
 37332 | Spider:4 | Got a gossamer rune of Zot
 37409 | Spider:4 | Got a scintillating brass ring
 37461 | Spider:4 | Killed coffee's ghost
 37598 | Spider:4 | Identified the ring "Qiahiota" {rPois rF+ MR+ Str+5 Int+4}
                  | (You found it on level 4 of the Spider Nest)
 37632 | Spider:4 | Got a brightly glowing demon blade {chaos}
 37633 | Spider:4 | Identified the +3 demon blade "Naohugh" {chaos, MP+9 Dex+6}
                  | (You subdued it on level 4 of the Spider Nest)
 37821 | Swamp:1  | Entered Level 1 of the Swamp
 40561 | Swamp:4  | Entered Level 4 of the Swamp
 42258 | Swamp:4  | Got a decaying rune of Zot
 42785 | Depths:1 | Entered Level 1 of the Depths
 43233 | Depths:1 | Reached XP level 19. HP: 166/187 MP: 23/25
 43324 | Depths:1 | Found a runed gate.
 43324 | Depths:1 | Found a runed gate.
 43324 | Depths:1 | Found a runed gate.
 43425 | Depths:1 | Reached skill level 10 in Evocations
 43502 | Depths:1 | Found a gateway to Hell.
 44452 | Depths:1 | Found a one-way gate to the infinite horrors of the Abyss.
 44864 | Depths:1 | Found a runed gate.
 44864 | Depths:1 | Found a runed gate.
 44872 | Depths:1 | Found a runed gate.
 44939 | Depths:1 | Noticed Qewynweh's ghost (adept SpEn)
 44954 | Depths:1 | Gained mutation: You tend to lose your temper in combat. [a
                  | cacodemon]
 44956 | Depths:1 | Gained mutation: You often lose your temper in combat. [a
                  | cacodemon]
 44958 | Depths:1 | Gained mutation: Armour fits poorly on your strangely
                  | shaped body. [a cacodemon]
 44959 | Depths:1 | Killed Qewynweh's ghost
 44971 | Depths:1 | Got a fine cloak
 44989 | Depths:1 | Identified the +2 cloak "Nuas" {*Slow rCorr Str+6} (You
                  | found it on level 1 of the Depths)
 45131 | Depths:2 | Noticed the Enchantress
 45343 | Depths:1 | Killed the Enchantress
 45348 | Depths:1 | Got faerie dragon scales
 45682 | Depths:1 | Identified the +0 faerie dragon scales {rC+ rCorr} (You
                  | took it off the Enchantress on level 1 of the Depths)
 45816 | Depths:1 | Paralysed by a great orb of eyes for 7 turns
 45988 | Depths:1 | Reached XP level 20. HP: 142/198 MP: 19/27
 47016 | Depths:2 | Found Mol Kit's Food Shoppe.
 47016 | Depths:2 | Found Dabuestre's Book Emporium.
 47020 | Depths:2 | Found Janwups's Distillery.
 47432 | Depths:2 | Reached skill level 10 in Invocations
 47555 | Depths:2 | Got an ichor-stained shield
 47744 | Depths:2 | Found a one-way gate leading to the halls of Pandemonium.
 47994 | Depths:2 | Identified the +5 shield of Gallantry {Str+5} (You found it
                  | on level 2 of the Depths)
 48052 | Depths:3 | Got a steaming broad axe
 48166 | Depths:2 | Identified the +3 broad axe of Afoxir {pain, rElec rF+
                  | Str+5 Dex-4} (You found it on level 3 of the Depths)
 48215 | Depths:3 | Found a gateway to a ziggurat.
 49774 | Depths:4 | Reached XP level 21. HP: 141/206 MP: 26/28
 49786 | Depths:4 | Found the +3 robe of Folly {Archmagi, MR-- Int+5}
 49835 | Depths:4 | Reached skill level 15 in Maces & Flails
 50488 | Depths:4 | Got a scorched spear {flame}
 50578 | Depths:4 | Identified the cursed +1 spear of Checkmate {flame, rN+
                  | Str+2 Dex+2} (You took it off a spriggan air mage on level
                  | 4 of the Depths)
 50866 | Depths:4 | Got a faintly glowing chain mail
 50877 | Depths:4 | Identified the cursed +0 chain mail of Sif Muna's Hope {rC+
                  | MP+9} (You found it on level 4 of the Depths)
 51460 | Depths:5 | Entered Level 5 of the Depths
 51969 | Depths:5 | Noticed Sojobo
 52235 | Depths:5 | Killed Sojobo
 52308 | Depths:5 | Found a portal to a secret trove of treasure.
 52764 | Depths:5 | Reached skill level 15 in Shields
 52851 | Depths:5 | Noticed a juggernaut
 53381 | Depths:4 | Killed a juggernaut
 53747 | Depths:5 | Found a corrupted altar of Lugonu.
 53860 | Depths:5 | Found a gate to the Realm of Zot.
 53860 | Depths:5 | Noticed a golden dragon
 53881 | Depths:5 | Killed a golden dragon
 53891 | Depths:5 | Reached XP level 22. HP: 117/216 MP: 26/30
 54436 | Elf:1    | Entered Level 1 of the Elven Halls
 54529 | Elf:1    | Reached skill level 1 in Polearms
 54909 | Elf:1    | Found an ancient bone altar of Kikubaaqudgha.
 55538 | Elf:2    | Found Zymuc's Assorted Antiques.
 55578 | Elf:2    | Found a runed gate.
 55578 | Elf:2    | Found a runed gate.
 55578 | Elf:2    | Found a runed gate.
 56609 | Elf:3    | Entered Level 3 of the Elven Halls
 56679 | Elf:3    | Noticed Asterion
 56688 | Elf:3    | Killed Asterion
 57244 | Elf:3    | Found Udynwodi's Armour Shoppe.
 57524 | Elf:3    | Found a deep blue altar of Sif Muna.
 58006 | Elf:3    | Got a faintly glowing chain mail
 58048 | Elf:2    | Identified the +2 chain mail of the Sturgeon {+Fly MR-
                  | rCorr} (You took it off a deep elf blademaster on level 3
                  | of the Elven Halls)
 58152 | Elf:3    | Got an ancient hand axe {chop}
 58157 | Elf:3    | Got a vibrating pewter ring
 58256 | Elf:3    | Got a glittering steel amulet
 58327 | Elf:3    | Identified the +6 hand axe of Vodka {chop, rElec rN+ Int+3}
                  | (You took it off a deep elf annihilator on level 3 of the
                  | Elven Halls)
 58331 | Elf:3    | Got a translucent pewter ring
 58332 | Elf:3    | Identified the amulet of Ucan Sow {Spirit Int+2} (You took
                  | it off a deep elf elementalist on level 3 of the Elven
                  | Halls)
 58333 | Elf:3    | Identified the ring "Weruuguo" {Wiz Str+4} (You took it off
                  | a deep elf mage on level 3 of the Elven Halls)
 58334 | Elf:3    | Identified the ring of Midsummer {MP+9 Dex+6} (You took it
                  | off a deep elf sorcerer on level 3 of the Elven Halls)
 58759 | Elf:2    | Bought a scroll of acquirement for 1664 gold pieces
 58759 | Elf:2    | Bought a potion of magic for 256 gold pieces
 59330 | Vaults:1 | Entered Level 1 of the Vaults
 59343 | Vaults:1 | Reached XP level 23. HP: 225/225 MP: 32/32
 59554 | Vaults:1 | Found Vuicinku's Distillery.
 59563 | Vaults:1 | Bought a potion of magic for 80 gold pieces
 59563 | Vaults:1 | Bought a potion of heal wounds for 50 gold pieces
 59563 | Vaults:1 | Bought a potion of heal wounds for 50 gold pieces
 59563 | Vaults:1 | Bought a potion of magic for 80 gold pieces
 59563 | Vaults:1 | Bought a potion of heal wounds for 50 gold pieces
 59563 | Vaults:1 | Bought a potion of heal wounds for 50 gold pieces
 60190 | Vaults:1 | Got a pitted ivory ring
 60518 | Vaults:1 | Identified the ring of Daulog {Fire -Tele Str+7 Int+2} (You
                  | found it on level 1 of the Vaults)
 60681 | Vaults:2 | Found Sagh's Antique Weapon Shoppe.
 61075 | Vaults:2 | Found a staircase to the Crypt.
 63045 | Vaults:4 | Reached XP level 24. HP: 236/236 MP: 32/32
 63792 | Vaults:4 | Found Nulid's Food Shop.
 64091 | Vaults:5 | Entered Level 5 of the Vaults
 64520 | Vaults:5 | Noticed Margery
 64725 | Vaults:5 | Killed Margery
 64756 | Vaults:5 | Noticed an ancient lich
 64772 | Vaults:5 | Killed an ancient lich
 65027 | Vaults:5 | Reached skill level 15 in Evocations
 65308 | Vaults:5 | Got an encrusted hand axe
 65317 | Vaults:5 | Identified the +4 hand axe "Menafasa" {holy, Dex+4} (You
                  | found it on level 5 of the Vaults)
 65438 | Vaults:5 | Got a distressingly furry scale mail
 65478 | Vaults:5 | Identified the cursed +1 scale mail "Xuvuiqic" {rPois} (You
                  | found it on level 5 of the Vaults)
 65585 | Vaults:5 | Noticed Mara
 65612 | Vaults:5 | Noticed lorenzova's illusion
 65631 | Vaults:5 | Killed Mara
 65634 | Vaults:5 | Reached XP level 25. HP: 246/246 MP: 33/33
 65658 | Vaults:5 | Got a heavily runed silver ring
 66603 | Vaults:5 | Got a silver rune of Zot
 66891 | Vaults:5 | Identified the ring of the Lion {rN+ Int+3} (You took it
                  | off a tengu reaver on level 5 of the Vaults)
 66929 | Vaults:5 | Reached XP level 26. HP: 256/256 MP: 33/33
 67115 | Crypt:1  | Entered Level 1 of the Crypt
 68051 | Crypt:1  | Got a scorched bone amulet
 68053 | Crypt:1  | Identified the amulet "Cewad" {RegenMP rElec rF- Str+3
                  | SInv} (You found it on level 1 of the Crypt)
 69587 | Crypt:3  | Entered Level 3 of the Crypt
 70225 | Crypt:3  | Noticed an ancient lich
 70232 | Crypt:3  | Killed an ancient lich
 70490 | Crypt:3  | Found an ancient bone altar of Kikubaaqudgha.
 71266 | Crypt:3  | Found a staircase to the Tomb.
 71848 | Tomb:1   | Entered Level 1 of the Tomb of the Ancients
 72141 | Tomb:1   | Noticed Frederick
 72167 | Tomb:1   | Killed Frederick
 72173 | Tomb:1   | Reached XP level 27. HP: 265/265 MP: 34/34
 72516 | Tomb:1   | Noticed a greater mummy
 72521 | Tomb:1   | Noticed a greater mummy
 72521 | Tomb:1   | Noticed a greater mummy
 72521 | Tomb:1   | Noticed a greater mummy
 72521 | Tomb:1   | Noticed a greater mummy
 72521 | Tomb:1   | Noticed a greater mummy
 72522 | Tomb:1   | Noticed a greater mummy
 72522 | Tomb:1   | Noticed a greater mummy
 72522 | Tomb:1   | Noticed a greater mummy
 72524 | Tomb:1   | Noticed a greater mummy
 73667 | Tomb:1   | Killed a greater mummy
 73698 | Tomb:1   | Noticed a greater mummy
 73727 | Tomb:1   | Killed a greater mummy
 74674 | Hell     | Entered the Vestibule of Hell
 74674 | Hell     | Noticed Geryon
 75219 | Slime:1  | Entered Level 1 of the Pits of Slime
 75254 | Slime:2  | Paralysed by a floating eye for 4 turns
 75683 | Slime:2  | Paralysed by a floating eye for 2 turns
 75695 | Slime:2  | Paralysed by a floating eye for 4 turns
 76193 | Slime:1  | Gained mutation: Your body sometimes deteriorates upon
                  | taking damage. [a shining eye]
 76373 | Slime:3  | Gained mutation: You are occasionally teleported next to
                  | monsters. [a shining eye]
 76373 | Slime:3  | Gained mutation: You are dopey. (Int -2) [a shining eye]
 76374 | Slime:3  | Gained mutation: Your body often deteriorates upon taking
                  | damage. [a shining eye]
 76415 | Slime:3  | Gained mutation: Your spells are a little easier to cast,
                  | but a little less powerful. [a shining eye]
 77370 | Slime:5  | Entered Level 5 of the Pits of Slime
 77399 | Slime:5  | Noticed the Royal Jelly
 77440 | Slime:5  | Gained mutation: Potions are less effective at restoring
                  | your health. [a shining eye]
 77450 | Slime:5  | Gained mutation: You are frail. (-10% HP) [a shining eye]
 77586 | Slime:5  | Gained mutation: Potions are poor at restoring your health.
                  | [a shining eye]
 77766 | Slime:5  | Found a viscous altar of Jiyva.
 77782 | Slime:5  | Killed the Royal Jelly
 78157 | Slime:5  | Got a crude marble ring
 78170 | Slime:5  | Got a smoking war axe
 78173 | Slime:5  | Identified the +9 war axe of Past Mistakes {chop, rElec
                  | rN+} (You found it on level 5 of the Pits of Slime)
 78187 | Slime:5  | Got a slimy rune of Zot
 78283 | Slime:5  | Identified the ring of Moral Flaws {+Inv rC+} (You found it
                  | on level 5 of the Pits of Slime)
 79076 | Tomb:1   | Noticed a greater mummy
 79114 | Tomb:1   | Killed a greater mummy
 79743 | Tomb:2   | Noticed a greater mummy
 79743 | Tomb:2   | Noticed a greater mummy
 79748 | Tomb:2   | Noticed a greater mummy
 79749 | Tomb:2   | Noticed a greater mummy
 79749 | Tomb:2   | Noticed a greater mummy
 80030 | Tomb:2   | HP: 17/352 [something (5)]
 80033 | Tomb:2   | HP: 5/352 [hellwing[a greater mummy] (4)]
 80033 | Tomb:2   | HP: 2/352 [bennu (3)]
 80036 | Tomb:2   | Slain by a greater mummy

Skill      XL: |  1  2  3  4  5  6  7  8  9 10 11 12 13 14 15 16 17 18 19 20 21 22 23 24 25 26 27 |
---------------+----------------------------------------------------------------------------------+-----
Fighting       | 4 6 7 9 10 12 14 16 17 18 19 20 21 22 23 24 25 26 | 26.2
Armour         | 4 6 7 9 10 12 14 16 17 18 19 20 21 22 23 24 25 26 | 26.3
Dodging        | 4 8 10 14 15 17 18 19 20 21 22 | 22.5
Shields        | 6 10 12 13 14 15 16 17 18 | 18.0
Evocations     | 3 5 7 8 9 10 11 12 13 14 15 16 17 | 17.6
Maces & Flails | 6 10 12 13 14 16 17 18 | 18.6
Invocations    | 3 6 7 9 10 | 10.0
Polearms       | 4 |  4.3
Axes           | |  2.4

Action                   |  1- 3 |  4- 6 |  7- 9 | 10-12 | 13-15 | 16-18 | 19-21 | 22-24 | 25-27 || total
-------------------------+-------+-------+-------+-------+-------+-------+-------+-------+-------++-------
Melee: War axe           |    93 |   116 |   272 |     8 |       |       |       |       |    31 ||   520
       Headbutt          |    12 |    14 |    61 |   165 |   369 |   446 |   474 |   514 |   441 ||  2496
       Flail             |       |       |     7 |    45 |   218 |  1250 |  1324 |  1596 |   623 ||  5063
       Broad axe         |       |       |       |   506 |   707 |   116 |       |       |       ||  1329
       Unarmed           |       |       |       |     2 |       |       |       |       |       ||     2
       Spear             |       |       |       |       |   194 |    24 |    44 |    32 |       ||   294
       Whip              |       |       |       |       |       |   191 |       |       |       ||   191
       Great mace        |       |       |       |       |       |       |       |       |   604 ||   604
Invok: Disaster Area     |       |       |       |       |       |     1 |     3 |     4 |     2 ||    10
       Elemental Force   |       |       |       |       |       |       |       |     2 |     1 ||     3
Evoke: Wand              |       |       |       |       |    10 |     1 |     1 |       |     9 ||    21
  Use: Scroll            |       |     2 |       |    27 |     8 |     5 |     3 |    13 |     9 ||    67
       Potion            |       |       |       |     5 |       |     2 |     3 |     9 |    12 ||    31
 Stab: Distracted        |       |       |       |       |       |       |       |     1 |       ||     1
       Confused          |       |       |       |       |       |       |       |     1 |       ||     1
  Eat: Chunk             |       |     6 |    10 |    18 |    30 |    30 |    22 |    36 |    10 ||   162
       Ration            |       |       |     1 |     4 |     3 |     7 |     4 |     1 |    11 ||    31
Armor: Scale mail        |    48 |    55 |     7 |   336 |   138 |       |       |       |       ||   584
       Chain mail        |       |       |   172 |       |   453 |   580 |   192 |   161 |     3 ||  1561
       Acid dragon scale |       |       |       |       |     7 |       |       |       |       ||     7
       Quicksilver drago |       |       |       |       |       |       |       |       |   233 ||   233
       Crystal plate arm |       |       |       |       |       |       |       |       |    20 ||    20
       Skin              |       |       |       |       |       |       |       |       |    43 ||    43
Dodge: Dodged            |    30 |    39 |    71 |   201 |   578 |   673 |   336 |   408 |   883 ||  3219
       Deflected         |       |       |       |     1 |    14 |    14 |    22 |    40 |    19 ||   110
Block: Shield            |    39 |    73 |   140 |   602 |   353 |       |   677 |  1541 |   737 ||  4162
       Large shield      |       |       |       |       |  1496 |  2293 |   590 |       |       ||  4379
       Other             |       |       |       |       |       |       |       |       |   234 ||   234
